 Dungeon Crawl Stone Soup version 0.21.1-1-g345015f (webtiles) character file.

1020 Iko the Slinger (level 8, 0/42 HPs)
             Began as a Vine Stalker Hunter on May 5, 2018.
             Was an Initiate of Ru.
             Slain by an orc warrior
             ... wielding a +0 short sword
              (6 damage)
             ... on level 7 of the Dungeon.
             The game lasted 00:15:44 (1412 turns).

Iko the Slinger (Vine Stalker Hunter)               Turns: 1412, Time: 00:15:44

Health: 0/42       AC: 13    Str: 22    XL:     8   Next: 22%
Magic:  0/9        EV:  4    Int: 13    God:    Ru [......]
Gold:   97         SH:  8    Dex: 14    Spells: 7/7 levels left

rFire    . . .     SeeInvis .   a - +1 hunting sling
rCold    . . .     Gourm    .   j - +0 shield
rNeg     . . .     Faith    .   h - +1 plate armour
rPois    .         Spirit   +   n - +0 helmet
rElec    .         Reflect  .   (no cloak)
rCorr    .         Harm     +   (no gloves)
MR       +....                  (no boots)
Stlth    ..........             m - amulet of harm
HPRegen  0.54/turn              e - +6 ring of strength
MPRegen  0.11/turn              (no ring)

@: no status effects
A: fangs 3, regeneration 1, magic shield, antimagic bite, no potion heal 3, rot
immunity
a: Sacrifice Artifice, Sacrifice Experience, Sacrifice Essence, Reject
Sacrifices, Renounce Religion


You were on level 7 of the Dungeon.
You worshipped Ru.
Ru was noncommittal.
You were not hungry.

You visited 1 branch of the dungeon, and saw 7 of its levels.

You collected 97 gold pieces.

Inventory:

Hand Weapons
 a - a +1 hunting sling (weapon)
Missiles
 b - 22 sling bullets (quivered)
Armour
 h - a +1 plate armour (worn)
 j - a +0 shield (worn)
 n - a +0 helmet (worn)
Jewellery
 e - a +6 ring of strength (left hand)
 m - an amulet of harm (around neck)
Wands
 g - a wand of acid (8)
Scrolls
 c - a scroll of remove curse
 l - a scroll of identify
Potions
 i - a potion of invisibility
 k - 2 potions of curing
Comestibles
 f - 6 rations


   Skills:
 + Level 4.0 Fighting
 + Level 8.1 Slings
 + Level 2.0 Armour
 + Level 1.7 Dodging
 + Level 1.3 Stealth


You had 7 spell levels left.
You didn't know any spells.

Dungeon Overview and Level Annotations

Branches:
Dungeon (7/15)
 Temple: D:4-7

Altars:
Gozag
Ru
Wu Jian

Annotations:
D:6 Eustachio


Innate Abilities, Weirdness & Mutations

You have razor-sharp teeth.
Your natural rate of healing is unusually fast.
When hurt, damage is shared between your health and your magic reserves.
Your bite disrupts and absorbs the magic of your enemies.
Potions cannot restore your health.
You are immune to rotting.


Message History

The orc warrior hits you but does no damage.
The leopard gecko bites you.
* * * LOW HITPOINT WARNING * * *
Firing (i - inventory):
b - 24 sling bullets (quivered)
Press: ? - help, Shift-Dir - straight line, f/p - orc warrior
Aim: an orc warrior, wielding a short sword and wearing a plate armour (heavily wounded, covered in acid)
You shoot a sling bullet.
The sling bullet barely misses the orc warrior.
You block the hound skeleton's attack.
The leopard gecko bites you but does no damage.
The orc warrior hits you but does no damage.
The hound skeleton bites you but does no damage.
Firing (i - inventory):
b - 23 sling bullets (quivered)
Press: ? - help, Shift-Dir - straight line, f/p - orc warrior
Aim: an orc warrior, wielding a short sword and wearing a plate armour (heavily wounded, covered in acid)
You shoot a sling bullet.
The sling bullet completely misses the orc warrior.
The leopard gecko barely misses you.
The orc warrior hits you with a short sword.
You die...

########
###......#
##..(.....#
..........##
......o.Z..####
.......@.......
.......l...###.
...............
..............:
...............
...............
..............#
#..##.........#


You could see an orc warrior, a leopard gecko and a hound skeleton.

Vanquished Creatures
  The ghost of bmj180 the Shield-Bearer, a novice HaFi of Okawaru (D:5)
  A sky beast (D:5)
  2 ogres
  A bullfrog (D:6)
  A scorpion (D:5)
  A centaur zombie (D:6)
  2 jellies (D:5)
  Terence (D:2)
  3 worker ants
  A howler monkey skeleton (D:4)
  4 adders
  2 shadow imps
  An ooze (D:3)
  2 adder skeletons (D:5)
  A dart slug (D:1)
  An orc (D:6)
  A ball python (D:1)
  2 bats
  2 giant cockroaches (D:1)
  6 goblins (D:1)
  2 hobgoblins (D:3)
  5 kobolds (D:1)
  2 frilled lizards
  A rat (D:1)
46 creatures vanquished.

Notes
Turn   | Place    | Note
-------+----------+-------------------------------------------
     0 | D:1      | Iko the Vine Stalker Hunter began the quest for the Orb.
     0 | D:1      | Reached XP level 1. HP: 11/11 MP: 2/2
    68 | D:1      | Reached skill level 4 in Slings
    68 | D:1      | Reached XP level 2. HP: 15/15 MP: 3/3
   405 | D:2      | Found a sacrificial altar of Ru.
   409 | D:2      | Noticed Terence
   424 | D:2      | Killed Terence
   424 | D:2      | Reached XP level 3. HP: 11/18 MP: 4/4
   439 | D:2      | Became a worshipper of Ru the Awakened
   612 | D:3      | Gained mutation: Your natural rate of healing is unusually fast. [Vine Stalker growth]
   612 | D:3      | Reached XP level 4. HP: 20/23 MP: 5/5
   846 | D:4      | Reached skill level 5 in Slings
   846 | D:4      | Reached XP level 5. HP: 27/27 MP: 6/6
   975 | D:5      | Entered Level 5 of the Dungeon
   990 | D:5      | Noticed bmj180's ghost (novice HaFi)
  1013 | D:5      | Killed bmj180's ghost
  1013 | D:5      | Reached skill level 6 in Slings
  1013 | D:5      | Reached skill level 1 in Armour
  1013 | D:5      | Reached XP level 6. HP: 15/32 MP: 5/7
  1013 | D:5      | Reached XP level 7. HP: 17/36 MP: 5/8
  1070 | D:5      | Reached skill level 7 in Slings
  1207 | D:5      | Found an ornate altar of the Wu Jian Council.
  1312 | D:6      | Gained mutation: You have razor-sharp teeth. [Vine Stalker growth]
  1312 | D:6      | Reached XP level 8. HP: 39/41 MP: 7/9
  1325 | D:6      | Noticed Eustachio
  1341 | D:6      | Reached skill level 8 in Slings
  1386 | D:6      | Found an opulent altar of Gozag.
  1412 | D:7      | Slain by an orc warrior

Skill      XL: |  1  2  3  4  5  6  7  8 |
---------------+-------------------------+-----
Slings         | 4 5 6 7 8 |  8.1
Fighting       | 2 3 4 |  4.0
Armour         | 1 2 |  2.0
Dodging        | |  1.7
Stealth        | |  1.3

Action                   |  1- 3 |  4- 6 |  7- 9 || total
-------------------------+-------+-------+-------++-------
Melee: Unarmed           |       |     2 |    14 ||    16
       Bite              |       |     2 |     2 ||     4
 Fire: Hunting sling     |    70 |    67 |    73 ||   210
Evoke: Wand              |       |       |     2 ||     2
  Use: Scroll            |     6 |     2 |     1 ||     9
       Potion            |       |     3 |       ||     3
  Eat: Ration            |       |       |     1 ||     1
Armor: Plate armour      |    10 |    22 |    37 ||    69
       Leather armour    |     1 |       |       ||     1
Dodge: Dodged            |    12 |    11 |    18 ||    41
Block: Shield            |       |       |    14 ||    14
